 Dungeon Crawl Stone Soup version 0.29-a0-42-g9fc6a9d (webtiles) character file.

Game seed: 13125032407868700686

1160 Illumine the Magician (level 8, -4/58 HPs)
             Began as a Djinni Fire Elementalist on Feb 2, 2022.
             Was an Initiate of Ashenzari.
             Slain by a gnoll (9 damage)
             ... on level 6 of the Dungeon.
             The game lasted 00:11:39 (5569 turns).

Illumine the Magician (Djinni Fire Elementalist)    Turns: 5569, Time: 00:11:40

Health: -4/58      AC:  6    Str:  7    XL:     8   Next: 66%
Gold:   202        EV: 12    Int: 18    God:    Ashenzari [......] SH:  0 Dex: 15

rFire   + + +      SeeInvis .   c - staff of fire (curse) {Fort, Cun}
rCold   + . .      Faith    .   (no shield)
rNeg    . . .      Spirit   .   f - +3 leather armour
rPois   ∞          Reflect  .   (no helmet)
rElec   .          Harm     .   (no cloak)
rCorr   .          Rampage  .   (no gloves)
Will    .....                   (boots unavailable)
Stlth   ++........              (no amulet)
HPRegen 0.19/turn               g - ring of protection from cold
MPRegen 0.00/turn               r - ring of protection from cold

@: flying, very slightly contaminated
A: sickness immunity, fire resistance 2, cold vulnerability 1, float, innate
caster, HP casting, extra vitality 1
a: Renounce Religion, Shatter the Chains


You were on level 6 of the Dungeon.
You worshipped Ashenzari.
Ashenzari was noncommittal.
You visited 2 branches of the dungeon, and saw 7 of its levels.

You collected 202 gold pieces.

Inventory:

Hand Weapons
 b - a +0 falchion
 n - a +2 vorpal flail
Armour
 a - a +0 robe
 f - a +3 leather armour (worn)
 v - a +0 buckler
Magical Staves
 c - a cursed staff of fire (weapon) {Fort, Cun}
 A - a staff of earth
Jewellery
 g - a ring of protection from cold (left hand)
 p - a ring of ice
 r - a ring of protection from cold (right hand)
 x - the amulet of Korucoc {Acrobat Rampage rF+++ rC- rCorr}
   (You found it on level 5 of the Dungeon)

   [amulet of the acrobat]

   It increases your evasion while moving and waiting.
   rF:        It renders you almost immune to fire.
   rC:        It makes you vulnerable to cold.
   rCorr:     It protects you from acid and corrosion.
   Rampage:   It bestows one free step when moving towards enemies.
 z - a ring of ice
Wands
 w - a wand of charming (5)
 C - a wand of acid (15)
Scrolls
 d - 4 scrolls of teleportation
 e - a scroll of enchant weapon {unknown}
 i - a scroll of holy word {unknown}
 o - a scroll of vulnerability {unknown}
 q - 2 scrolls of identify {unknown}
 u - a scroll of enchant armour {unknown}
 y - a scroll of amnesia {unknown}
 B - a scroll of noise {unknown}
Potions
 h - a potion of brilliance {unknown}
 j - a potion of mutation {unknown}
 k - a potion of magic {unknown}
 l - 2 potions of haste {unknown}
 m - 3 potions of curing {unknown}
 s - a potion of attraction {unknown}
 t - a potion of heal wounds {unknown}


   Skills:
 + Level 4.1 Fighting
 - Level 3.0(3.3) Armour
 - Level 2.1(2.5) Dodging
 - Level 1.5(1.9) Stealth
 * Level 3.8(4.2) Shields
 * Level 5.8 Spellcasting


You couldn't memorise any spells.
You knew the following spells:

 Your Spells              Type           Power      Damage    Failure   Level
a - Foxfire               Conj/Fire      100%       2x1d9     1%          1
b - Scorch                Fire           78%        2d8       2%          2
c - Conjure Flame         Conj/Fire      39%        6-21      4%          3
d - Inner Flame           Hex/Fire       39%        N/A       4%          3
e - Flame Wave            Conj/Fire      39%        2d9       16%         4
f - Apportation           Tloc           52%        N/A       1%          1
g - Passwall              Tmut/Erth      21%        N/A       2%          2
h - Gell's Gravitas       Tloc           26%        N/A       4%          3
Your spell library was empty.

Dungeon Overview and Level Annotations

Branches:
Dungeon (6/15)             Temple (1/1) D:5

Altars:
Ashenzari
Fedhas
Xom


Innate Abilities, Weirdness & Mutations

You are immune to sickness and miasma.
You are immune to poison.
Your flesh is very heat resistant. (rF++)
You are vulnerable to cold. (rC-)
You float through the air rather than walking.
You learn spells naturally, not from books.
Your magical power is your life essence.
You have superior vitality. (+4 MHP)


Message History

The gnoll shaman is moderately wounded. (Press . to intensify the flame waves.)
The gnoll hits you from afar with a +0 halberd!
The gnoll shaman barely misses you.
Unknown command.
Casting: Flame Wave (dangerous; 16% risk of failure)
Confirm with . or Enter, or press ? or * to list all spells.
Restarting spell: Flame Wave (dangerous; 16% risk of failure)
Press: ? - help, Dir - look around, f - activate You feel a surge of power!
A wave of flame ripples out!
The flame wave engulfs the gnoll.
The gnoll is moderately wounded.
The flame wave engulfs the gnoll shaman.
The gnoll shaman resists.
The gnoll shaman is heavily wounded. (Press . to intensify the flame waves.)
The gnoll barely misses you.
The gnoll shaman hits you with a +0 whip.
The gnoll hits you but does no damage. The gnoll barely misses you.
Unknown command.
Casting: Flame Wave (dangerous; 16% risk of failure)
Confirm with . or Enter, or press ? or * to list all spells.
Restarting spell: Flame Wave (dangerous; 16% risk of failure)
Press: ? - help, Dir - look around, f - activate You feel a surge of power!
A wave of flame ripples out!
The flame wave engulfs the gnoll.
The gnoll is severely wounded.
The flame wave engulfs the adder.
The adder is moderately wounded.
The flame wave engulfs the gnoll shaman.
The gnoll shaman resists.
The gnoll shaman is heavily wounded. (Press . to intensify the flame waves.)
* * * LOW HITPOINT WARNING * * *
The gnoll hits you from afar with a +0 halberd!
* * * LOW HITPOINT WARNING * * *
The gnoll shaman barely misses you. The gnoll barely misses you.
The adder barely misses you.
The gnoll hits you from afar with a +0 halberd!
You die...

##.## .# #.# #
#.# # #.# # #.#
. ..# #
##.###g.## ###
# #....gg...
#####
#..###..## ...#
#g.# #
#######.# #gg#
......... #S@#
.######.#
#........g..#
##.#
#####...###...#
#..# #.#..
.#.#####÷##
#.###
.......... #.
#.#####.## #.
##.## .####...#
..........


You could see a gnoll shaman, 3 gnolls and an adder.

Vanquished Creatures
  2 ice beasts
  An orc warrior (D:6)
  A sky beast (D:6)
  3 ogres
  A phantom (D:4)
  A hound (D:6)
  A centaur zombie (D:5)
  An orc priest (D:6)
  A jelly (D:4)
  A bullfrog skeleton (D:6)
  2 centaur skeletons (D:6)
  2 iguanas
  2 gnolls (D:6)
  6 adders
  A shadow imp (D:5)
  An ufetubus (D:5)
  2 worms (D:5)
  2 dart slugs
  13 orcs
  10 ball pythons
  4 bats
  7 endoplasms
  6 giant cockroaches
  10 goblins
  10 hobgoblins
  4 jackals (D:2)
  8 kobolds
  2 quokkas
  4 frilled lizards
  7 rats
116 creatures vanquished.

Vanquished Creatures (collateral kills)
  A foxfire (D:2)
1 creature vanquished.

Vanquished Creatures (others)
  294 foxfires
294 creatures vanquished.

Grand Total: 411 creatures vanquished

Notes
Turn   | Place    | Note
-------+----------+-------------------------------------------
     0 | D:1      | Illumine the Djinni Fire Elementalist began the quest for
                  | the Orb.
     0 | D:1      | Reached XP level 1. HP: 15/15 MP: 0/0
   279 | D:1      | Reached XP level 2. HP: 21/22 MP: 0/0
   445 | D:1      | Found a faded altar of an unknown god.
   488 | D:1      | Reached skill level 1 in Fighting
   571 | D:1      | Reached XP level 3. HP: 25/27 MP: 0/0
   571 | D:1      | Learned a level 1 spell: Apportation
   572 | D:1      | Reached skill level 3 in Spellcasting
  1080 | D:2      | Reached XP level 4. HP: 30/32 MP: 0/0
  1795 | D:3      | Reached XP level 5. HP: 35/38 MP: 0/0
  1795 | D:3      | Learned a level 2 spell: Passwall
  2494 | D:3      | Reached skill level 1 in Armour
  2519 | D:4      | You are sucked into a shaft and drop 1 floor!
  2519 | D:5      | Entered Level 5 of the Dungeon
  2519 | D:5      | Noticed an ice beast
  3019 | D:4      | Reached skill level 4 in Spellcasting
  3019 | D:4      | Reached XP level 6. HP: 40/45 MP: 0/0
  3613 | D:4      | Noticed an ogre
  3620 | D:4      | Killed an ogre
  3761 | D:4      | Reached XP level 7. HP: 49/50 MP: 0/0
  3761 | D:4      | Learned a level 3 spell: Gell's Gravitas
  4166 | D:5      | Reached skill level 1 in Shields
  4326 | D:5      | Found a staircase to the Ecumenical Temple.
  4397 | Temple   | Entered the Ecumenical Temple
  4419 | Temple   | Became a worshipper of Ashenzari the Shackled
  4495 | D:5      | Identified the amulet of Korucoc {Acrobat Rampage rF+++ rC-
                  | rCorr}
  4851 | D:6      | Reached skill level 5 in Spellcasting
  4879 | D:6      | Reached XP level 8. HP: 48/56 MP: 0/0
  5569 | D:6      | Slain by a gnoll

Illustrated notes

Levels and vault maps discovered:
D:1:      minmay_arrival_open_corners, layout_basic,
          ebering_ecumenical_altar_sacrificial
D:2:      layout_basic, minmay_hedge_maze, roderic_nine_men_s_morris,
          dk_vineyard_3, minmay_tetromino_l2
D:3:      layout_basic, minmay_pentangle
D:4:      layout_layer_cave
D:5:      layout_rooms, temple_fountains, cheibrodos_sewer_entry_bend
D:6:      layout_loops_ring, minmay_small_thing
Temple:   mainiacjoe_temple_archimedes_tessellation

Skill      XL: |  1  2  3  4  5  6  7  8 |
---------------+-------------------------+-----
Fighting       | 1 2 3 4 |  4.1
Spellcasting   | 3 4 5 |  5.8
Armour         | 1 2 3 |  3.0
Shields        | 2 3 |  3.8
Dodging        | |  2.1
Stealth        | |  1.5

Action                   |  1- 3 |  4- 6 |  7- 9 || total
-------------------------+-------+-------+-------++-------
Melee: Staff             |     2 |       |       ||     2
 Cast: Foxfire           |    44 |    89 |    31 ||   164
       Scorch            |       |     9 |    24 ||    33
       Flame Wave        |       |       |     5 ||     5
Invok: Curse Item        |       |       |     1 ||     1
  Use: Scroll            |       |     1 |       ||     1
Armor: Robe              |     2 |     6 |       ||     8
       Leather armour    |       |       |    10 ||    10
Dodge: Dodged            |    11 |    14 |    23 ||    48

Table legend: (Time is in decaauts)
 A = Elapsed time spent in this place.
 B = Non-inter-level travel time spent in this place.
 C = Inter-level travel time spent in this place.
 D = Time resting spent in this place.
 E = Time spent auto-exploring this place.
 F = Levels seen in this place.
 G = Mean time per level.
                   A        B        C        D        E       F      G
               +--------+--------+--------+--------+--------+-----+--------+
         Total |   5569 |   5460 |    109 |    941 |   3609 |   7 |  795.6 |
       Dungeon |   5529 |   5436 |     93 |    941 |   3598 |   6 |  921.5 |
        Temple |     39 |     23 |     16 |      0 |     11 |   1 |   39.0 |
               +--------+--------+--------+--------+--------+-----+--------+

Top non-repeatable levels by time:
     D:4: 1633 daAuts
     D:3: 879 daAuts
     D:1: 822 daAuts
     D:2: 814 daAuts
     D:5: 807 daAuts
     D:6: 571 daAuts
  Temple: 39 daAuts
